 Dungeon Crawl Stone Soup version 0.31.0-11-ge490571c62 (webtiles) character file.

Game seed: 8512950009205474361

1089 qw the Skirmisher (level 8, 0/45 HPs)
             Began as a Deep Elf Hunter on Feb 4, 2024.
             Slain by a centaur
             ... wielding a +0 flail
              (7 damage)
             ... on level 5 of the Dungeon.
             The game lasted 00:00:16 (3833 turns).

qw the Skirmisher (Deep Elf Hunter)                 Turns: 3833, Time: 00:00:17

Health: 0/45       AC:  9    Str: 10    XL:     8   Next: 9%
Magic:  10/10      EV: 10    Int: 15    God:
Gold:   166        SH:  0    Dex: 18    Spells: 7/7 levels left

rFire   . . .        d - +4 hand cannon (heavy)
rCold   . . .        (no shield)
rNeg    . . .        k - +0 scale mail
rPois   .            j - +0 helmet
rElec   .            (no cloak)
rCorr   +            h - +1 pair of gloves
SInv    .            (no boots)
Will    +....        (no amulet)
Stlth   +            l - ring of resist corrosion
HPRegen 0.27/turn    p - ring of willpower
MPRegen 0.12/turn

%: no passive effects
@: about to teleport
A: no striking features
a: no special abilities


You were on level 5 of the Dungeon.
You visited 1 branch of the dungeon, and saw 5 of its levels.

You collected 166 gold pieces.


   Skills:
 + Level 2.8 Fighting
 - Level 12.1 Ranged Weapons
 - Level 1.4 Armour
 - Level 4.0 Dodging
 - Level 1.2 Stealth


You had 7 spell levels left.
You didn't know any spells.
Your spell library was empty.

Inventory:

Hand Weapons
 d - a +4 heavy hand cannon (weapon)
Armour
 h - a +1 pair of gloves (worn)
 j - a +0 helmet (worn)
 k - a +0 scale mail (worn)
Jewellery
 l - a ring of resist corrosion (left hand)
 p - a ring of willpower (right hand)
Wands
 a - a wand of polymorph (9)
Scrolls
 e - 2 scrolls of teleportation
Potions
 f - a potion of magic {unknown}
 g - a potion of haste
 i - a potion of curing

Dungeon Overview and Level Annotations

Branches:
Dungeon (5/15)
 Temple: D:4-7

Altars:
Gozag

Annotations:
D:4 1 runed translucent door, qw's ghost, amateur SpHu
D:5 Sigmund


Message History

The orc wizard hits you with a +0 dagger.
The orc barely misses you.
Sigmund hits you from afar with a +0 scythe of freezing!
Sigmund freezes you.
A centaur comes into view.
It is wielding a +0 flail and quivering poisoned darts.
The orc hits you but does no damage.
An orc priest comes into view. It is wielding a +1 heavy mace.
The orc wizard closely misses you.
You shoot a bolt. The orc priest shouts!
The bolt hits the orc wizard.
The orc wizard is heavily wounded.
Sigmund mumbles some strange words.
Sigmund flickers and vanishes!
Deactivating autopickup; reactivate with Ctrl-A.
The orc wizard hits you with a +0 dagger.
The orc hits you with a +0 mace.
The orc wizard gestures at you while chanting.
The magic dart hits you. Something hits you but does no damage.
The orc closely misses you.
You shoot a bolt. The bolt hits the orc wizard!!
You kill the orc wizard!
The orc barely misses you. The centaur completely misses you.
The centaur barely misses you. Something hits you. Something freezes you.
The orc closely misses you. The centaur barely misses you.
The centaur kicks you but does no damage.
The orc priest barely misses you. Something hits you! Something freezes you.
The orc completely misses you.
3832 ||| READING 3 scrolls of teleportation.
As you read the scroll of teleportation, it crumbles to dust.
You feel strangely unstable. The centaur closely misses you.
The centaur kicks you but does no damage.
The centaur closely misses you. The centaur barely misses you.
The orc hits you with a +0 mace.
You shoot a bolt. The bolt hits the orc priest!!
You kill the orc priest!
The centaur barely misses you. The centaur closely misses you.
Something hits you but does no damage. The centaur hits you with a +0 flail!
You die...

#... .# .... .. ... .#
..##. .... .......h.....{#
.S ......>.....#$# .
............#@####|
............co..#..
#...........##.....#####
#............##.)..#...
#..........# #..%.#.######
#..........##.#......#.....
#.!....W..##..........#
##...............#...######
###.............###......#


You could see a centaur and an orc.

Vanquished Creatures
  2 ogres
  3 phantoms
  A scorpion (D:5)
  A howler monkey (D:5)
  A jelly (D:4)
  A hound (D:4)
  2 orc priests
  5 orc wizards
  A sleepcap (D:4)
  Ijyb (D:5)
  3 iguanas
  Robin (D:3)
  14 adders
  A white imp (D:5)
  2 dart slugs
  2 ribbon worms (D:2)
  9 orcs
  7 bats
  7 endoplasms
  3 giant cockroaches
  12 goblins
  8 hobgoblins
  2 jackals (D:3)
  7 quokkas
  9 ball pythons
  A frilled lizard (D:2)
  8 kobolds
  7 rats
121 creatures vanquished.

Notes
Turn   | Place    | Note
-------+----------+-------------------------------------------
     0 | D:1      | qw the Deep Elf Hunter began the quest for the Orb.
     0 | D:1      | Reached XP level 1. HP: 12/12 MP: 3/3
     0 | D:1      | 0 ||| qw: Version: 0.3-a-160-g6735b56
     0 | D:1      | 0 ||| qw: Game counter: 5111
     0 | D:1      | 0 ||| qw: Melee chars always use a shield: true
     0 | D:1      | 0 ||| qw: God list: Okawaru
     0 | D:1      | 0 ||| qw: Allow faded altars: false
     0 | D:1      | 0 ||| qw: Do Orc after clearing Dungeon:15 true
     0 | D:1      | 0 ||| qw: Do second Lair branch before Depths: true
     0 | D:1      | 0 ||| qw: Lair rune preference: random
     0 | D:1      | 0 ||| qw: Goals: Normal
     0 | D:1      | 0 ||| PLANNING D:1-11
    66 | D:1      | Found a faded altar of an unknown god.
    98 | D:1      | Reached XP level 2. HP: 16/16 MP: 4/4
   109 | D:1      | Reached skill level 6 in Ranged Weapons
   672 | D:1      | 672 ||| UPGRADING to +0 pair of gloves.
   677 | D:1      | 677 ||| READING 4 scrolls labelled SEGEKU OFYK.
   682 | D:1      | 682 ||| READING 2 scrolls labelled YMU DAR HEKK.
   682 | D:1      | 682 ||| IDENTIFYING pink potion
   683 | D:1      | 683 ||| READING scroll of identify.
   683 | D:1      | 683 ||| IDENTIFYING silvery potion
   684 | D:1      | 684 ||| DROPPING scroll of butterflies.
   685 | D:1      | 685 ||| DROPPING potion of degeneration.
   717 | D:2      | Reached XP level 3. HP: 17/20 MP: 5/5
   933 | D:2      | Identified the +5 hand axe of the Spheres {speed, rElec}
   943 | D:2      | Reached skill level 7 in Ranged Weapons
  1279 | D:2      | Reached XP level 4. HP: 19/25 MP: 6/6
  1947 | D:2      | 1947 ||| READING scroll labelled ETROSS IQUJU.
  2005 | D:3      | Noticed an ogre
  2006 | D:3      | 2006 ||| DRINKING 2 potions of haste.
  2013 | D:3      | Killed an ogre
  2014 | D:3      | Reached skill level 8 in Ranged Weapons
  2014 | D:3      | Reached XP level 5. HP: 29/29 MP: 7/7
  2112 | D:3      | Noticed Robin
  2115 | D:3      | Killed Robin
  2116 | D:3      | Reached skill level 9 in Ranged Weapons
  2163 | D:3      | 2163 ||| FLEEEEING.
  2164 | D:3      | 2164 ||| FLEEEEING.
  2215 | D:3      | Found an opulent altar of Gozag.
  2219 | D:3      | Reached skill level 3 in Dodging
  2511 | D:3      | 2511 ||| UPGRADING to +0 helmet.
  2516 | D:3      | 2516 ||| DROPPING ring of wizardry.
  2517 | D:3      | 2517 ||| READING scroll labelled ZOUKOSIRI.
  2517 | D:3      | 2517 ||| ENCHANTING +0 pair of gloves.
  2518 | D:3      | 2518 ||| READING scroll labelled RUEDITO PEAW.
  2519 | D:3      | 2519 ||| READING scroll labelled SUYHUOSTEXKU.
  2519 | D:3      | Identified a scroll of acquirement
  2519 | D:3      | 2519 ||| ACQUIRING +4 heavy hand cannon
  2519 | D:3      | Acquired a +4 heavy hand cannon
  2521 | D:3      | 2521 ||| SWAPPING to +4 heavy hand cannon.
  2522 | D:3      | 2522 ||| DROPPING +0 shortbow.
  2523 | D:3      | 2523 ||| DRINKING 2 murky brown potions.
  2558 | D:4      | 2558 ||| FLEEEEING.
  2559 | D:4      | 2559 ||| FLEEEEING.
  2560 | D:4      | 2560 ||| FLEEEEING.
  2561 | D:4      | 2561 ||| FLEEEEING.
  2562 | D:4      | 2562 ||| FLEEEEING.
  2563 | D:4      | 2563 ||| FLEEEEING.
  2564 | D:4      | 2564 ||| FLEEEEING.
  2565 | D:4      | 2565 ||| FLEEEEING.
  2566 | D:4      | 2566 ||| FLEEEEING.
  2578 | D:4      | 2578 ||| STAIRDANCE
  2612 | D:3      | 2612 ||| READING scroll of identify.
  2612 | D:3      | 2612 ||| IDENTIFYING fizzy yellow potion
  2616 | D:4      | Reached XP level 6. HP: 35/35 MP: 8/8
  2864 | D:4      | Reached skill level 10 in Ranged Weapons
  2935 | D:4      | 2935 ||| FLEEEEING.
  2936 | D:4      | 2936 ||| FLEEEEING.
  2938 | D:4      | Reached XP level 7. HP: 37/40 MP: 9/9
  3137 | D:4      | Found a runed translucent door.
  3141 | D:4      | Noticed qw's ghost (amateur SpHu)
  3536 | D:4      | 3536 ||| UPGRADING to +0 scale mail.
  3546 | D:4      | 3546 ||| DROPPING +0 leather armour.
  3547 | D:4      | 3547 ||| UPGRADING to ring of resist corrosion.
  3548 | D:4      | 3548 ||| UPGRADING to ring of willpower.
  3549 | D:4      | 3549 ||| READING scroll of identify.
  3549 | D:4      | 3549 ||| IDENTIFYING fuming ruby potion
  3550 | D:4      | 3550 ||| READING scroll labelled MIUSUK DOLEA.
  3651 | D:4      | 3651 ||| READING scroll labelled CYTSYDA FIMIEN.
  3652 | D:4      | 3652 ||| READING scroll labelled AGGAOS RUKLO.
  3666 | D:5      | Entered Level 5 of the Dungeon
  3671 | D:5      | HP: 10/40 [ogre/+0 giant club (24)]
  3672 | D:5      | 3672 ||| READING 4 scrolls of teleportation.
  3673 | D:5      | 3673 ||| DRINKING potion of heal wounds.
  3683 | D:5      | Reached skill level 1 in Armour
  3754 | D:5      | Reached skill level 11 in Ranged Weapons
  3759 | D:5      | Noticed Ijyb
  3762 | D:5      | 3762 ||| DRINKING potion of cancellation.
  3764 | D:5      | Killed Ijyb
  3824 | D:5      | Reached skill level 12 in Ranged Weapons
  3826 | D:5      | Reached XP level 8. HP: 44/45 MP: 10/10
  3827 | D:5      | Noticed Sigmund
  3831 | D:5      | HP: 9/45 [something (7)]
  3832 | D:5      | 3832 ||| READING 3 scrolls of teleportation.
  3833 | D:5      | Slain by a centaur

Levels and vault maps discovered:
D:1:      matt_arrival_debris, layout_basic, shapermc_ecumenical_altar_gd
D:2:      layout_loops_ring, serial_forest, infiniplex_forest_clump_cross,
          infiniplex_forest_end_2, infiniplex_forest_end_3,
          infiniplex_forest_zigzag_1, infiniplex_forest_lined_corner,
          infiniplex_forest_lined_3, infiniplex_forest_3_way,
          amcnicky_mini_corridor_feature, roderic_lattice_a
D:3:      layout_rooms, mainiacjoe_overflow_alcove_1, uniq_robin
D:4:      layout_basic, ebering_ghost_sewer_d, minmay_diced_spiral
D:5:      layout_rooms, minmay_temple_entry_arrows, serial_shops,
          nicolae_shop_real_fake_doors, st_stairs_10, uniq_sigmund, uniq_ijyb

Skill      XL: |  1  2  3  4  5  6  7 |
---------------+----------------------+-----
Ranged Weapons | 6 7 8 9 10 12 | 12.1
Dodging        | 3 4 |  4.0
Fighting       | 2 |  2.8
Armour         | 1 |  1.4
Stealth        | |  1.2

Action                     |  1- 3 |  4- 6 |  7- 9 || total
---------------------------+-------+-------+-------++-------
   Fire: Shortbow          |   122 |   101 |       ||   223
         Hand cannon       |       |    52 |    60 ||   112
    Use: Scroll            |     3 |     5 |     6 ||    14
         Potion            |       |     2 |     2 ||     4
 Armour: Leather armour    |    37 |    36 |       ||    73
         Scale mail        |       |       |    51 ||    51
  Dodge: Dodged            |    37 |    41 |    34 ||   112

Table legend:
 A = Non-vault XP
 B = Vault XP
 C = Vault XP percentage of total XP
 D = Non-vault monster count
 E = Vault monster count
 F = Vault count percentage of total count
                 A         B        C        D         E       F
            +---------+---------+-------+---------+---------+-------
      Total |    1289 |     309 |  19.3 |     105 |      16 |  13.2
            +---------+---------+-------+---------+---------+-------
        D:1 |      33 |       0 |   0.0 |      21 |       0 |   0.0
        D:2 |      95 |       0 |   0.0 |      21 |       0 |   0.0
        D:3 |     183 |      31 |  14.5 |      17 |       9 |  34.6
        D:4 |     457 |      42 |   8.4 |      28 |       3 |   9.7
        D:5 |     521 |     236 |  31.2 |      18 |       4 |  18.2
            +---------+---------+-------+---------+---------+-------
